 Dungeon Crawl Stone Soup version 0.30-a0-457-g4b7bca3bfa (webtiles) character file.

Game seed: 18248594937438967496

16 Brandom the Grasshopper (level 2, 0/25 HPs)
             Began as an Armataur Warper on Dec 13, 2022.
             Succumbed to a kobold's poison
             ... on level 1 of the Dungeon.
             The game lasted 00:01:06 (255 turns).

Brandom the Grasshopper (Armataur Warper)            Turns: 255, Time: 00:01:07

Health: 0/25       AC:  7    Str: 16    XL:     2   Next: 37%
Magic:  4/4        EV:  4    Int: 13    God:
Gold:   43         SH:  0    Dex:  9    Spells: 4/4 levels left

rFire   . . .      SeeInvis .    a - +0 falchion
rCold   . . .      Faith    .    (no shield)
rNeg    . . .      Spirit   .    h - +0 chain mail
rPois   .          Reflect  .    (no helmet)
rElec   .          Harm     .    g - scarf {shadows}
rCorr   .          Roll     +    (no gloves)
Will    .....                    (no barding)
Stlth   ..........               (no amulet)
HPRegen 0.24/turn                (no ring)
MPRegen 0.09/turn                (no ring)

@: lethally poisoned (0 -> -5)
A: large, rugged brown scales 3, deformed body, armoured tail, roll, long
tongue, awkward tongue
a: no special abilities


You were on level 1 of the Dungeon.
You visited 1 branch of the dungeon, and saw 1 of its levels.

You collected 43 gold pieces.

Inventory:

Hand Weapons
 a - a +0 falchion (weapon)
Missiles
 d - 7 boomerangs of dispersal (quivered) {!f}
Armour
 b - a +0 leather armour
 e - a +0 leather armour
   (You found it on level 1 of the Dungeon)
 g - a scarf of shadows (worn)
   (You found it on level 1 of the Dungeon)
 h - a +0 chain mail (worn)
   (You found it on level 1 of the Dungeon)
Scrolls
 c - a scroll of blinking


   Skills:
 + Level 2.0 Fighting
 + Level 1.9 Long Blades
 - Level 0.8 Throwing
 + Level 1.6 Armour
 + Level 1.5 Dodging
 + Level 1.9 Spellcasting
 + Level 3.1 Translocations


You had 4 spell levels left.
You didn't know any spells.
Your spell library contained the following spells:

 Spells                   Type           Power      Damage    Failure   Level
 Blink                    Tloc           18%        N/A       90%         2
 Lesser Beckoning         Tloc           18%        N/A       99%         3
 Teleport Other           Tloc           9%         N/A       99%         3
 Vhi's Electric Charge    Tloc/Air       10%        N/A       100%        3
 Manifold Assault         Tloc           9%         N/A       100%        4


Dungeon Overview and Level Annotations

Branches:
Dungeon (1/15)

Altars:


Innate Abilities, Weirdness & Mutations

You are completely covered in rugged brown scales. (AC +3, +7% HP)
Armour fits poorly on your strangely shaped body.
You have a long armoured tail.
You roll when moving toward enemies. (Rampage)
Your long tongue fully drains potion bottles. (2x potion effects)
Your tongue gives you trouble enunciating. (1.5x scroll delay)


Message History

You continue putting on your +0 chain mail. x5
You finish putting on your +0 chain mail.
Found 11 gold pieces.
A goblin comes into view. It is wielding a +0 club.
The goblin shouts!
You hear a shout! x2
A kobold comes into view. It is wielding a +0 club.
You closely miss the kobold. The kobold barely misses you.
You hit the kobold.
You kill the kobold!
Your Fighting skill increases to level 2!
You roll towards the goblin!
A kobold comes into view. It is wielding a +0 whip of venom.
You hit the goblin. The goblin completely misses you.
You hit the goblin.
You kill the goblin!
The kobold hits you but does no damage.
You are poisoned.
You closely miss the kobold.
You feel very sick.
The kobold hits you with a +0 whip of venom.
You are more poisoned.
You barely miss the kobold.
You feel very sick.
The kobold hits you with a +0 whip of venom.
You are lethally poisoned!
You slurp down every last drop of the sedimented coppery potion!
It was a potion of heal wounds.
You feel much better.
You feel very sick. The kobold hits you but does no damage.
You are lethally poisoned!
You barely miss the kobold. You tail-slap the kobold.
You kill the kobold!
You feel very sick.
* * * LOW HITPOINT WARNING * * *
You feel very sick.
Things that are here:
a +0 whip of venom; a +0 club; a kobold corpse
Okay, then.
You aren't carrying any potions.
Unknown command.
You aren't carrying any potions.
* * * LOW HITPOINT WARNING * * *
You feel very sick.
* * * LOW HITPOINT WARNING * * *
You feel very sick.
* * * LOW HITPOINT WARNING * * *
You feel sick.
* * * LOW HITPOINT WARNING * * *
You feel sick.
You die...

#. ### #.# ...
#.######### #
###..#.........#.#
....#...........#
................# #.
#.....@......
##.##)#####.##..#
#..).....##.#
#..#.###.##.##.
#................
#....#####.##.##.
...$..####.##.#
..............######
..#####.............


There were no monsters in sight!

Vanquished Creatures
  A dart slug (D:1)
  2 ball pythons (D:1)
  4 bats (D:1)
  2 goblins (D:1)
  2 kobolds (D:1)
  A frilled lizard (D:1)
12 creatures vanquished.

Notes
Turn   | Place    | Note
-------+----------+-------------------------------------------
     0 | D:1      | Brandom the Armataur Warper began the quest for the Orb.
     0 | D:1      | Reached XP level 1. HP: 18/18 MP: 3/3
   139 | D:1      | Reached XP level 2. HP: 24/25 MP: 4/4
   254 | D:1      | HP: 1/25 [poisoned by a kobold]
   255 | D:1      | Succumbed to a kobold's poison

Illustrated notes

Levels and vault maps discovered:
D:1:      enne_arrival_octagon_isle, layout_basic, minmay_misc_feat_encased

Skill      XL: |  1  2 |
---------------+-------+-----
Fighting       | 2 |  2.0
Long Blades    | |  1.9
Throwing       | |  0.8
Armour         | |  1.6
Dodging        | |  1.5
Spellcasting   | |  1.9
Translocations | |  3.1

Action                   || total
-------------------------++-------
Melee: Falchion          ||    32
       Tailslap          ||     6
       Punch             ||     1
  Use: Potion            ||     1
Armor: Leather armour    ||    13
       Chain mail        ||     2
Dodge: Dodged            ||    12

Table legend: (Time is in decaauts)
 A = Elapsed time spent in this place.
 B = Non-inter-level travel time spent in this place.
 C = Inter-level travel time spent in this place.
 D = Time resting spent in this place.
 E = Time spent auto-exploring this place.
 F = Levels seen in this place.
 G = Mean time per level.
                   A        B        C        D        E       F      G
               +--------+--------+--------+--------+--------+-----+--------+
         Total |    261 |    261 |      0 |      0 |    170 |   1 |  261.0 |
       Dungeon |    261 |    261 |      0 |      0 |    170 |   1 |  261.0 |
               +--------+--------+--------+--------+--------+-----+--------+

Top non-repeatable levels by time:
     D:1: 261 daAuts
